AoeStats
← 文風

MegaRandom

505974451Analyzed
1v1 RM · 20d ago on Sep 11, 2026· 47m 29s· 2 players
Game mode
Random Map
Map size
Tiny (2 player)
Population
200
Speed
Normal
Resources
Standard
Victory
Conquest
Starting age
Dark Age
Ending age
Imperial Age
RankedLock teamsTeams togetherTeam positionsShared explorationLock speedFull tech treeHidden civsTurbo modeCheats
Victory
Defeat
🇧🇷 Mongols · Brazil
1512
+13
🇭🇰 Spanish · Hong Kong SAR China
1437
-13
文風
10:13 Feudal Age
10:50 Double-Bit Axe
20:07 Castle Age
19:48 Fletching
19:56 Loom
32:00 Horse Collar
37:09 Imperial Age
35:34 Padded Archer Armor
35:30 Bodkin Arrow
37:36 Wheelbarrow
38:51 Bracer
39:08 Leather Archer Armor
40:37 Wheelbarrow
40:32 Elite Skirmisher
42:19 Ring Archer Armor
45:39 Chemistry
44:59 Ballistics
46:27 Husbandry
46:37 Bloodlines
45:47 Light Cavalry
46:18 Pikeman
46:59 Squires
TheKingBR
7:23 Loom
9:13 Feudal Age
9:40 Loom
9:18 Man-at-Arms
11:05 Double-Bit Axe
12:10 Horse Collar
13:30 Wheelbarrow
15:26 Fletching
25:16 Castle Age
24:22 Forging
25:29 Gold Mining
27:31 Bow Saw
28:32 Bodkin Arrow
30:45 Ballistics
31:38 Heavy Plow
31:26 Elite Skirmisher
33:38 Padded Archer Armor
37:21 Gold Shaft Mining
38:19 Husbandry
38:29 Bloodlines
39:21 Scale Barding Armor
38:39 Light Cavalry
39:36 Fervor
41:33 Hand Cart
41:53 Chain Barding Armor
42:49 Leather Archer Armor
44:21 Iron Casting
44:38 Stone Mining
47:39 Imperial Age
45:54 Thumb Ring
Connection lost

Rejoining the realm…

Still unreachable

The connection could not be restored.

Session expired

The server has moved on; the page needs a fresh start.